 Dungeon Crawl Stone Soup version 0.26-a0-810-ge1a9524b62 (webtiles) character file.

Game seed: 5958915288051224482

2552 robertstho the Frost Mage (level 9, -8/66 HPs)
             Began as a Gnoll Ice Elementalist on Nov 12, 2020.
             Was an Initiate of Sif Muna.
             Mangled by a harpy skeleton (11 damage)
             ... on level 7 of the Dungeon.
             The game lasted 00:13:27 (8287 turns).

robertstho the Frost Mage (Gnoll Ice Elementalist)  Turns: 8287, Time: 00:13:27

Health: -8/66      AC:  6    Str: 10    XL:     9   Next: 56%
Magic:  9/19       EV: 16    Int: 25    God:    Sif Muna [......]
Gold:   305        SH:  0    Dex: 17    Spells: 6/21 levels left

rFire    . . .     SeeInvis .   C - +2 hand axe of Twilight {vorpal, Int+6 Stlth+} (curse)
rCold    . . .     Faith    .   (no shield)
rNeg     + . .     Spirit   .   a - +0 robe
rPois    +         Reflect  .   (no helmet)
rElec    .         Harm     .   y - +2 ratskin cloak {*Rats rPois rN+ Str-1 Int-1 Dex+1}
rCorr    .         Rampage  .   g - +0 pair of gloves
MR       .....                  (no boots)
Stlth    ++++......             j - amulet of inaccuracy (curse)
HPRegen  0.21/turn              q - ring of poison resistance
MPRegen  0.16/turn              (no ring)

@: no status effects
A: distributed training, fangs 1, strong nose
a: Renounce Religion


You were on level 7 of the Dungeon.
You worshipped Sif Muna.
Sif Muna was noncommittal.
You visited 2 branches of the dungeon, and saw 8 of its levels.

You collected 305 gold pieces.

Inventory:

Hand Weapons
 d - a +2 spear of venom
 B - a +2 falchion of flaming
 C - the cursed +2 hand axe of Twilight (weapon) {vorpal, Int+6 Stlth+}
   (You found it on level 7 of the Dungeon)

   It inflicts extra damage upon your enemies.
   It affects your intelligence (+6).
   It makes you more stealthy.
   It has a curse placed upon it.
Missiles
 s - 6 poisoned darts (quivered)
Armour
 a - a +0 robe (worn)
 g - a +0 pair of gloves (worn)
 y - the +2 ratskin cloak (worn) {*Rats rPois rN+ Str-1 Int-1 Dex+1}
   (You found it on level 6 of the Dungeon)

   It affects your strength (-1).
   It affects your intelligence (-1).
   It affects your dexterity (+1).
   It protects you from poison.
   It protects you from negative energy.
Jewellery
 j - a cursed amulet of inaccuracy (around neck)
 q - a ring of poison resistance (left hand)
 t - an uncursed amulet of reflection
Scrolls
 h - 2 scrolls of random uselessness {unknown}
 i - 4 scrolls of remove curse {unknown}
 k - a scroll of blinking {unknown}
 n - a scroll of immolation {unknown}
 o - 2 scrolls of amnesia {unknown}
 p - 3 scrolls of teleportation {unknown}
 r - a scroll of magic mapping {unknown}
 u - 2 scrolls of enchant weapon {unknown}
 v - a scroll of fear {unknown}
 w - 3 scrolls of identify
 z - 3 scrolls of enchant armour {unknown}
Potions
 b - a potion of brilliance {unknown}
 c - a potion of berserk rage {unknown}
 e - a potion of flight
 l - a potion of ambrosia
 m - a potion of haste
 x - a potion of attraction {unknown}
 A - a potion of mutation {unknown}
 D - a potion of heal wounds {unknown}


   Skills:
 + Level 4.3 Fighting
 + Level 4.3 Short Blades
 + Level 4.3 Long Blades
 + Level 4.3 Axes
 + Level 4.3 Maces & Flails
 + Level 4.3 Polearms
 + Level 4.3 Staves
 + Level 4.3 Slings
 + Level 4.3 Bows
 + Level 4.3 Crossbows
 + Level 4.3 Throwing
 + Level 4.3 Armour
 + Level 6.4 Dodging
 + Level 6.1 Stealth
 + Level 4.3 Shields
 + Level 4.3 Unarmed Combat
 + Level 6.7 Spellcasting
 + Level 3.6 Conjurations
 + Level 3.6 Hexes
 + Level 3.6 Summonings
 + Level 3.6 Necromancy
 + Level 3.6 Translocations
 + Level 3.6 Transmutations
 + Level 3.6 Fire Magic
 + Level 8.0 Ice Magic
 + Level 3.6 Air Magic
 + Level 3.6 Earth Magic
 + Level 3.6 Poison Magic
 + Level 4.8 Invocations
 + Level 4.3 Evocations


You had 6 spell levels left.
You knew the following spells:

 Your Spells              Type           Power        Failure   Level
a - Freeze                Ice            ####         1%          1
b - Frozen Ramparts       Ice            #####.       1%          3
c - Ozocubu's Armour      Ice            #####...     1%          3
d - Hailstorm             Conj/Ice       #####...     6%          4
e - Summon Ice Beast      Ice/Summ       #####...     6%          4

Your spell library contained the following spells:

 Spells                   Type           Power        Failure   Level
 Confusing Touch          Hex            ####....     4%          3
 Gell's Gravitas          Tloc           ####......   4%          3
 Petrify                  Tmut/Erth      ####....     16%         4
 Metabolic Englaciation   Hex/Ice        #####.....   17%         5
 Yara's Violent Unravell  Hex/Tmut       ####......   41%         5


Dungeon Overview and Level Annotations

Branches:
Dungeon (7/15)             Temple (1/1) D:7

Altars:
Ashenzari
Cheibriados
Dithmenos
Elyvilon
Fedhas
Hepliaklqana
Kikubaaqudgha
Makhleb
Nemelex Xobeh
Okawaru
Sif Muna
Trog
Uskayaw
Vehumet
Wu Jian
Xom
Yredelemnul
Zin
The Shining One

Shops:
D:5 *


Innate Abilities, Weirdness & Mutations

Your experience applies equally to all skills.
You have very sharp teeth.
Your uncanny sense of smell can sniff out nearby items.


Message History

The hellwing hits your river rat!
Your river rat dies!
The harpy skeleton barely misses you. The harpy skeleton closely misses you.
Your ice beast hits the hellwing but does no damage.
Your ice beast hits the hellwing.
Your ice beast freezes the hellwing!
You feel better. The harpy skeleton misses you.
The harpy skeleton completely misses you.
The harpy skeleton barely misses you.
The harpy skeleton completely misses you.
Your ice beast hits the hellwing.
Your ice beast freezes the hellwing!
Your ice beast hits the hellwing.
Your ice beast freezes the hellwing!
You hit the hellwing but do no damage. Your bite misses the hellwing.
The hellwing is almost dead.
You barely miss the harpy skeleton. The harpy skeleton claws you!
* * * LOW HITPOINT WARNING * * *
The harpy skeleton claws you.
* * * LOW HITPOINT WARNING * * *
A hell rat scurries out from under your cloak.
The harpy skeleton claws you!
You die...

∆ .. ###### #.
........ #. #.#######
#.######### .....####
#.#.......#..........
#.#.......#......####
#..Yr..........#
#.#.Y4......####.#
#...YZ@.......##.#
###...#######.##.#
........ #...##.##
#........#
#.......#####
#........#
#............
#........#
#.......#####
#........#
#.........).#
#........#
#.......###.#
#.......###)#


You could see a hellwing, a harpy skeleton, 3 friendly ice beasts and a friendly
hell rat.

Vanquished Creatures
  2 orc warriors
  4 ice beasts
  An ogre (D:7)
  A centaur (D:7)
  4 bullfrogs
  A wyvern skeleton (D:7)
  A scorpion (D:6)
  2 howler monkeys
  A crimson imp (D:5)
  2 centaur zombies
  A hound (D:6)
  2 jellies
  2 orc wizards
  Terence (D:2)
  2 iguanas
  3 hell rats (D:6)
  6 worker ants
  7 gnolls
  8 adders
  4 river rats (D:6)
  A shadow imp (D:7)
  3 white imps
  An ufetubus (D:7)
  An ooze (D:2)
  A worm (D:3)
  2 dart slugs
  A leopard gecko (D:1)
  20 orcs
  2 ball pythons
  5 giant cockroaches
  4 goblins
  7 hobgoblins
  9 jackals
  3 quokkas
  9 bats
  7 frilled lizards
  6 kobolds
  31 rats
168 creatures vanquished.

Vanquished Creatures (collateral kills)
  A centaur skeleton (D:7)
  An ice beast (D:5)
  A scorpion (D:5)
  An orc wizard (D:5)
  2 iguanas
  A gnoll (D:5)
  A howler monkey skeleton (D:4)
  2 adders (D:5)
  A shadow imp (D:7)
  3 orcs (D:5)
  A ball python (D:5)
15 creatures vanquished.

Vanquished Creatures (others)
  7 plants (D:6)
  16 withered plants (D:7)
23 creatures vanquished.

Grand Total: 206 creatures vanquished

Notes
Turn   | Place    | Note
-------+----------+-------------------------------------------
     0 | D:1      | robertstho the Gnoll Ice Elementalist began the quest for
                  | the Orb.
     0 | D:1      | Reached XP level 1. HP: 13/13 MP: 6/6
    91 | D:1      | Reached XP level 2. HP: 2/20 MP: 1/7
   700 | D:1      | Reached XP level 3. HP: 24/25 MP: 9/9
   794 | D:1      | Reached skill level 5 in Spellcasting
  1154 | D:1      | Reached skill level 1 in Invocations
  1324 | D:2      | Noticed Terence
  1328 | D:2      | Reached skill level 1 in Fighting
  1328 | D:2      | Reached skill level 1 in Short Blades
  1328 | D:2      | Reached skill level 1 in Long Blades
  1328 | D:2      | Reached skill level 1 in Axes
  1328 | D:2      | Reached skill level 1 in Maces & Flails
  1328 | D:2      | Reached skill level 1 in Polearms
  1328 | D:2      | Reached skill level 1 in Staves
  1328 | D:2      | Reached skill level 1 in Slings
  1328 | D:2      | Reached skill level 1 in Bows
  1328 | D:2      | Reached skill level 1 in Crossbows
  1328 | D:2      | Reached skill level 1 in Throwing
  1328 | D:2      | Reached skill level 1 in Armour
  1328 | D:2      | Reached skill level 1 in Shields
  1328 | D:2      | Reached skill level 1 in Unarmed Combat
  1328 | D:2      | Reached skill level 1 in Evocations
  1340 | D:2      | Killed Terence
  1340 | D:2      | Reached XP level 4. HP: 15/32 MP: 7/11
  1548 | D:2      | Reached skill level 1 in Conjurations
  1548 | D:2      | Reached skill level 1 in Hexes
  1548 | D:2      | Reached skill level 1 in Summonings
  1548 | D:2      | Reached skill level 1 in Necromancy
  1548 | D:2      | Reached skill level 1 in Translocations
  1548 | D:2      | Reached skill level 1 in Transmutations
  1548 | D:2      | Reached skill level 1 in Fire Magic
  1548 | D:2      | Reached skill level 1 in Air Magic
  1548 | D:2      | Reached skill level 1 in Earth Magic
  1548 | D:2      | Reached skill level 1 in Poison Magic
  1626 | D:2      | You fall into a shaft and drop 2 floors!
  1645 | D:3      | Found an iron altar of Okawaru.
  1651 | D:2      | Reached XP level 5. HP: 25/37 MP: 8/12
  1806 | D:2      | Learned a level 3 spell: Frozen Ramparts
  1810 | D:2      | Learned a level 3 spell: Ozocubu's Armour
  1815 | D:2      | Learned a level 4 spell: Hailstorm
  2664 | D:3      | Found a radiant altar of Vehumet.
  3084 | D:4      | Reached XP level 6. HP: 39/44 MP: 13/13
  3185 | D:4      | Reached skill level 5 in Dodging
  3247 | D:4      | Noticed a moth of wrath
  3491 | D:4      | Learned a level 4 spell: Summon Ice Beast
  3930 | D:4      | Found a bloodstained altar of Trog.
  3967 | D:5      | Entered Level 5 of the Dungeon
  3971 | D:5      | Found Ofifox's Assorted Antiques.
  3977 | D:5      | Noticed an ice beast
  4000 | D:5      | Reached XP level 7. HP: 25/50 MP: 6/15
  4309 | D:5      | HP: 2/51 [something (6)]
  4624 | D:5      | Reached skill level 5 in Stealth
  5238 | D:5      | Reached XP level 8. HP: 54/57 MP: 16/16
  5368 | D:5      | Found a blossoming altar of Fedhas.
  5928 | D:6      | Found the +2 ratskin cloak {*Rats rPois rN+ Str-1 Int-1
                  | Dex+1}
  7275 | D:7      | Reached XP level 9. HP: 58/65 MP: 18/18
  7642 | D:7      | Reached skill level 8 in Ice Magic
  7742 | D:7      | Found a staircase to the Ecumenical Temple.
  7753 | Temple   | Entered the Ecumenical Temple
  7975 | Temple   | Became a worshipper of Sif Muna the Loreminder
  8111 | D:7      | Got a faintly glowing hand axe
  8111 | D:7      | Identified the cursed +2 hand axe of Twilight {vorpal,
                  | Int+6 Stlth+} (You found it on level 7 of the Dungeon)
  8274 | D:7      | Noticed a hellwing
  8287 | D:7      | HP: 3/66 [harpy skeleton (5)]
  8287 | D:7      | Mangled by a harpy skeleton

Illustrated notes

Levels and vault maps discovered:
D:1:      dpeg_arrival_yet_another_circle, layout_loops_ring
D:2:      layout_basic, minmay_heptomino_d4, uniq_terence
D:3:      layout_rooms, overflow_temple_1_default,
          nicolae_overflow_crystal_walls
D:4:      layout_rooms, tgw_trog
D:5:      layout_cave_pools, lemuel_doored_altar, serial_shops, shop,
          minmay_fire_ice_demons
D:6:      wander_guarded_unrand_ratskin, layout_loops_ring, serial_bayou_pond_c
D:7:      cheibrodos_grave_circle, layout_basic, temple_green,
          kennysheep_generic_room_14, uniq_maggie
Temple:   regret_index_temple_generic_petals

Skill      XL: |  1  2  3  4  5  6  7  8  9 |
---------------+----------------------------+-----
Spellcasting   | 5 6 |  6.7
Invocations    | 1 2 3 4 |  4.8
Fighting       | 1 2 3 4 |  4.3
Short Blades   | 1 2 3 4 |  4.3
Long Blades    | 1 2 3 4 |  4.3
Axes           | 1 2 3 4 |  4.3
Maces & Flails | 1 2 3 4 |  4.3
Polearms       | 1 2 3 4 |  4.3
Staves         | 1 2 3 4 |  4.3
Slings         | 1 2 3 4 |  4.3
Bows           | 1 2 3 4 |  4.3
Crossbows      | 1 2 3 4 |  4.3
Throwing       | 1 2 3 4 |  4.3
Armour         | 1 2 3 4 |  4.3
Shields        | 1 2 3 4 |  4.3
Unarmed Combat | 1 2 3 4 |  4.3
Evocations     | 1 2 3 4 |  4.3
Conjurations   | 1 2 3 |  3.6
Hexes          | 1 2 3 |  3.6
Summonings     | 1 2 3 |  3.6
Necromancy     | 1 2 3 |  3.6
Translocations | 1 2 3 |  3.6
Transmutations | 1 2 3 |  3.6
Fire Magic     | 1 2 3 |  3.6
Air Magic      | 1 2 3 |  3.6
Earth Magic    | 1 2 3 |  3.6
Poison Magic   | 1 2 3 |  3.6
Dodging        | 5 6 |  6.4
Stealth        | 5 6 |  6.1
Ice Magic      | 8 |  8.0

Action                   |  1- 3 |  4- 6 |  7- 9 || total
-------------------------+-------+-------+-------++-------
Melee: Spear             |    76 |   134 |   222 ||   432
       Bite              |    10 |     9 |    14 ||    33
       Dagger            |    17 |       |       ||    17
       Punch             |       |       |     5 ||     5
       Hand axe          |       |       |    15 ||    15
 Cast: Freeze            |     7 |    12 |     1 ||    20
       Frozen Ramparts   |       |     7 |    21 ||    28
       Summon Ice Beast  |       |     3 |    19 ||    22
  Use: Scroll            |       |       |     4 ||     4
       Potion            |       |       |     4 ||     4
 Stab: Sleeping          |    10 |    11 |    11 ||    32
       Distracted        |       |       |     6 ||     6
Armor: Robe              |    15 |    29 |    29 ||    73
Dodge: Dodged            |    73 |   105 |   159 ||   337

Table legend: (Time is in decaauts)
 A = Elapsed time spent in this place.
 B = Non-inter-level travel time spent in this place.
 C = Inter-level travel time spent in this place.
 D = Time resting spent in this place.
 E = Time spent auto-exploring this place.
 F = Levels seen in this place.
 G = Mean time per level.
                   A        B        C        D        E       F      G
               +--------+--------+--------+--------+--------+-----+--------+
         Total |   8288 |   7980 |    308 |    874 |   5690 |   8 | 1036.0 |
       Dungeon |   8036 |   7757 |    279 |    874 |   5479 |   7 | 1148.0 |
        Temple |    251 |    222 |     29 |      0 |    211 |   1 |  251.0 |
               +--------+--------+--------+--------+--------+-----+--------+

Top non-repeatable levels by time:
     D:6: 1762 daAuts
     D:4: 1429 daAuts
     D:1: 1299 daAuts
     D:5: 1094 daAuts
     D:2: 999 daAuts
     D:7: 764 daAuts
     D:3: 687 daAuts
  Temple: 251 daAuts
